 Dungeon Crawl Stone Soup version 0.30-a0-377-g5cb311bc9f (webtiles) character file.

Game seed: 17236390909508339683

4 Shayle the Conjurer (level 1, -2/16 HPs)
             Began as a Demonspawn Reaver on Nov 30, 2022.
             Slain by a gnoll
             ... wielding a +0 club
              (6 damage)
             ... on level 1 of the Dungeon.
             The game lasted 00:00:41 (119 turns).

Shayle the Conjurer (Demonspawn Reaver)              Turns: 119, Time: 00:00:41

Health: -2/16      AC:  3    Str: 12    XL:     1   Next: 50%
Magic:  3/3        EV: 11    Int: 14    God:
Gold:   8          SH:  0    Dex: 11    Spells: 3/4 levels left

rFire   . . .      SeeInvis .    a - +0 hand axe
rCold   . . .      Faith    .    (no shield)
rNeg    . . .      Spirit   .    b - +0 leather armour
rPois   .          Reflect  .    (no helmet)
rElec   .          Harm     .    (no cloak)
rCorr   .          Rampage  .    (no gloves)
Will    .....                    (no boots)
Stlth   +.........               (no amulet)
HPRegen 0.22/turn                (no ring)
MPRegen 0.08/turn                (no ring)

@: attractive
A: no striking features
a: no special abilities


You were on level 1 of the Dungeon.
You visited 1 branch of the dungeon, and saw 1 of its levels.

You collected 8 gold pieces.

Inventory:

Hand Weapons
 a - a +0 hand axe (weapon)
Armour
 b - a +0 leather armour (worn)


   Skills:
 + Level 2.1 Fighting
 - Level 2.6 Axes
 + Level 0.3 Armour
 - Level 1.7 Dodging
 + Level 0.4 Stealth
 - Level 2.0 Spellcasting
 - Level 3.0 Conjurations


You had 3 spell levels left.
You knew the following spells:

 Your Spells              Type           Power      Damage    Failure   Level
a - Kiss of Death         Conj/Necr      20%        2d7       16%         1

Your spell library contained the following spells:

 Spells                   Type           Power      Damage    Failure   Level
 Momentum Strike          Conj/Tloc      10%        3d8       24%         2
 Hailstorm                Conj/Ice       5%         3d4       43%         3


Dungeon Overview and Level Annotations

Branches:
Dungeon (1/15)

Altars:


Message History

A goblin comes into view. It is wielding a +0 club.
A gnoll comes into view. It is wielding a +0 club.
The goblin attacks as you move away! The goblin hits you with a +0 dagger.
You hit the goblin.
You kill the goblin!
You closely miss the ball python.
The ball python bites you but does no damage.
The ball python grabs you. The ball python constricts you.
You closely miss the ball python. The ball python barely misses you.
The ball python constricts you. The ball python bites you.
The ball python constricts you.
You hit the ball python but do no damage.
The ball python bites you but does no damage.
The ball python constricts you.
You hit the ball python.
The ball python is heavily wounded.
The ball python closely misses you. The ball python constricts you.
The ball python barely misses you. The ball python constricts you.
You closely miss the ball python.
The ball python is heavily wounded.
The ball python bites you but does no damage.
The ball python constricts you.
You closely miss the ball python.
The ball python is heavily wounded.
The ball python bites you but does no damage.
The ball python constricts you. The ball python bites you.
The ball python constricts you.
You slash the ball python!
You kill the ball python!
The gnoll hits you with a +0 club!
* * * LOW HITPOINT WARNING * * *
You hit the gnoll but do no damage. The gnoll completely misses you.
Unknown command.
It was a potion of attraction.
You feel attractive to monsters. The gnoll barely misses you.
You hit the gnoll.
The gnoll is lightly wounded.
The gnoll hits you with a +0 club.
You die...

.#.#.#####. ...#...... .(.
.. ...#.....# ... #..
.#.#.....##### .. ....
...#.......... .....#
...#......#### .#...
.#.#......##.## .$.#?#.
...###.##.#.#.#######.......
...# #.##..###..@gg...#
######.####.#.#####......#
#..##.# ##.## #.#.#.#.#
##..##.# ### ........
....##.# .#g##....# ###.##.#
....# ...... ##...#.# .# #..
..#.#( ...#...# .. ... ..(..
##...#.#


You could see a gnoll and a goblin.

Vanquished Creatures
  A ball python (D:1)
  A giant cockroach (D:1)
  A goblin (D:1)
3 creatures vanquished.

Notes
Turn   | Place    | Note
-------+----------+-------------------------------------------
     0 | D:1      | Shayle the Demonspawn Reaver began the quest for the Orb.
     0 | D:1      | Reached XP level 1. HP: 16/16 MP: 3/3
   119 | D:1      | Slain by a gnoll

Illustrated notes

Levels and vault maps discovered:
D:1:      lemuel_arrival_broad_hall, layout_loops_ring,
          dreamdust_mushroom_princess, hangedman_decor_riveting,
          minmay_small_reverse_x

Action                   || total
-------------------------++-------
Melee: Hand axe          ||    24
  Use: Potion            ||     1
Armor: Leather armour    ||    12
Dodge: Dodged            ||    15

Table legend: (Time is in decaauts)
 A = Elapsed time spent in this place.
 B = Non-inter-level travel time spent in this place.
 C = Inter-level travel time spent in this place.
 D = Time resting spent in this place.
 E = Time spent auto-exploring this place.
 F = Levels seen in this place.
 G = Mean time per level.
                   A        B        C        D        E       F      G
               +--------+--------+--------+--------+--------+-----+--------+
         Total |    123 |    123 |      0 |      0 |     80 |   1 |  123.0 |
       Dungeon |    123 |    123 |      0 |      0 |     80 |   1 |  123.0 |
               +--------+--------+--------+--------+--------+-----+--------+

Top non-repeatable levels by time:
     D:1: 123 daAuts
